 Dungeon Sprint DCSS version 0.22.1-2-g9c5b331 (webtiles) character file.

54645 Ghella the Axe Maniac (level 14, -4/162 HPs)
             Began as a Deep Dwarf Berserker on Dec 7, 2018.
             Was the Champion of Trog.
             Shot with an arrow by a deep elf master archer (6 damage)
             ... in the Dungeon (Sprint VII: "The Pits").
             The game lasted 00:24:21 (4247 turns).

Ghella the Axe Maniac (Deep Dwarf Berserker)        Turns: 4247, Time: 00:24:22

Health: -4/162     AC: 27    Str: 28    XL:     14   Next: 35%
Magic:  1/4        EV: 17    Int: 12    God:    Trog [******]
Gold:   12         SH:  0    Dex: 12    Spells: 13/13 levels left

rFire    . . .     SeeInvis .   K - +7 executioner's axe "Roegu" {vamp, +Rage}
rCold    . . .     Gourm    .   (shield currently unavailable)
rNeg     + . .     Faith    .   R - +12 chain mail of the Maze {rPois Int+3 Slay+3}
rPois    +         Spirit   .   (no helmet)
rElec    .         Reflect  .   y - +0 cloak
rCorr    .         Harm     .   (no gloves)
MR       +....     NoTele   +   (no boots)
Stlth    ..........             (no amulet)
HPRegen  0.00/turn              q - +3 ring of strength
MPRegen  0.09/turn              s - +3 ring of evasion

@: vulnerable, berserk cooldown, non-regenerating, slowed, very slow
A: damage resistance, heal wounds, negative energy resistance 1, sense
surroundings 2, no regeneration
a: Heal Wounds, Berserk, Trog's Hand, Brothers in Arms, Renounce Religion, Evoke
Berserk Rage


You were in the Dungeon.
You worshipped Trog.
Trog was exalted by your worship.
You were not hungry.

You visited 1 branch You collected 12 gold pieces.

Inventory:

Hand Weapons
 b - a +0 whip of electrocution
 o - a +3 battleaxe of flaming
 r - a +1 vampiric short sword
 v - a +2 war axe of venom
 w - a +3 antimagic war axe
 z - a +5 battleaxe of venom
 A - a +1 antimagic executioner's axe
 J - a +1 antimagic broad axe
 K - the +7 executioner's axe "Roegu" (weapon) {vamp, +Rage}
   (Trog gifted it to you in the Dungeon)

   It inflicts no extra harm, but heals its wielder when it wounds a living foe.
   It lets you go berserk.
 O - a +3 vampiric executioner's axe
 P - a +3 executioner's axe of flaming
 Q - a +2 great sword of flaming
Armour
 y - a +0 cloak (worn)
 R - the +12 chain mail of the Maze (worn) {rPois Int+3 Slay+3}
   (You found it in the Dungeon)

   It affects your intelligence (+3).
   It affects your accuracy and damage with ranged weapons and melee attacks
   (+3).
   It protects you from poison.
Jewellery
 q - a +3 ring of strength (left hand)
 s - a +3 ring of evasion (right hand)
 E - an uncursed ring of positive energy
 F - the ring "Bibuntum" {*Corrode rC++ Str+6 Int+2}
   (You found it in the Dungeon)

   [ring of intelligence]

   It affects your strength (+6).
   It affects your intelligence (+2).
   It greatly protects you from cold.
   It may corrode you when you take damage.
 G - an uncursed ring of ice
 H - an uncursed ring of protection from magic
 L - the amulet of Nutyijosm {Spirit rElec Str-4 Dex+4}
   (You took it off a deep elf mage in the Dungeon)

   [amulet of guardian spirit]

   It causes incoming damage to be split between your health and magic.
   It affects your strength (-4).
   It affects your dexterity (+4).
   It insulates you from electricity.
Scrolls
 a - 2 scrolls of fear
 j - a scroll of fog
 l - 3 scrolls of remove curse
 m - a scroll of summoning
 n - 2 scrolls of vulnerability
 p - 4 scrolls of enchant weapon
 B - 2 scrolls of enchant armour
 C - a scroll of identify
 I - a scroll of immolation
Potions
 d - 10 potions of curing
 e - 3 potions of heal wounds
 f - a potion of haste
 g - 4 potions of magic
 h - 3 potions of berserk rage
 k - 2 potions of invisibility
 t - 2 potions of brilliance
 u - a potion of resistance
 D - 2 potions of agility
Miscellaneous
 M - a phantom mirror
Comestibles
 c - 14 rations


   Skills:
 + Level 20.2 Fighting
 O Level 27 Axes
 + Level 16.9 Armour
 + Level 10.7 Dodging


You had 13 spell levels left.
You didn't know any spells.
Your spell library was empty.

Dungeon Overview and Level Annotations

Branches:
Dungeon (1/1)

Altars:
Ashenzari
Cheibriados
Dithmenos
Elyvilon
Fedhas
Gozag
Hepliaklqana
Kikubaaqudgha
Makhleb
Nemelex Xobeh
Okawaru
Qazlal
Ru
Sif Muna
Trog
Uskayaw
Vehumet
Wu Jian
Xom
Yredelemnul
Zin
The Shining One
Beogh
Jiyva
Lugonu

Annotations:
D Nikola


Innate Abilities, Weirdness & Mutations

You are resistant to damage.
You can heal yourself by infusing magical energy.
You resist negative energy. (rN+)
You passively map the area around you.
You do not regenerate.


Message History

The arrow hits you but does no damage. The orange demon closely misses you.
Unknown command.
Okay, then.
Your cyclops goes berserk!
You feel somewhat more hungry.
The deep elf master archer shoots an arrow.
The arrow hits you!
* * * LOW HITPOINT WARNING * * *
Nikola casts a spell.
You hear a mighty clap of thunder!
The lightning arc hits the orc sorcerer.
The orc sorcerer dies!
The orange demon disappears in a puff of smoke!
The lightning arc hits Nikola.
The lightning arc hits you!
* * * LOW HITPOINT WARNING * * *
The lightning arc hits your cyclops. The lightning arc hits you! x2
* * * LOW HITPOINT WARNING * * *
The deep elf master archer shoots an arrow.
The arrow hits you!
You die...

,, ,, , *+*, * , , , ** < * , , *
, < , + ,, , * << <, * , *** ,< *
* * + ** * * *
####++###########################
..........##..#.C#.....o..E......
..........##..#.@#....e...M......
..#....#..##''#e@#4.###########eo
..........##...))ยง.o# , ,,
..........##........# , ,
..#....#..##..#..#..# ,, , ,,
..........##........#<<< , ,
.........)##....)...# , * ,
(.#....#.)##('#''#..# ** ,
.........))'..#..#..... ,,,


You could see Nikola, a deep elf master archer and a friendly cyclops (berserk).

Vanquished Creatures
  A greater mummy (D)
  2 tentacled monstrosities (D)
  A Hell Sentinel (D)
  A deep elf blademaster (D)
  An acid blob (D)
  A storm dragon (D)
  An azure jelly (D)
  2 fire giants (D)
  An emperor scorpion (D)
  An orc warlord (D)
  A draconian annihilator (D)
  A deep elf demonologist (D)
  A vampire knight (D)
  A black draconian (D)
  A blizzard demon (D)
  A merfolk javelineer (D)
  A green death (D)
  Erolcha (D)
  2 yaktaur captains (D)
  A deep elf high priest (D)
  A hell beast (D)
  2 centaur warriors (D)
  A merfolk aquamancer (D)
  2 deep elf knights (D)
  A fire crab (D)
  A skeletal warrior (D)
  An unseen horror (D)
  A shadow wraith (D)
  A sea snake (D)
  A deep troll (D)
  A necromancer (D)
  4 deep elf magi (D)
  A guardian serpent (D)
  2 molten gargoyles (D)
  A black mamba (D)
  A spiny frog (D)
  An efreet (D)
  A kobold demonologist (D)
  2 demonic crawlers (D)
  A hellion (D)
  A tormentor (D)
  A hellwing (D)
  6 yaktaurs (D)
  A wandering mushroom (D)
  3 merfolk (D)
  A hornet (D)
  A tyrant leech (D)
  7 blink frogs (D)
  A polar bear (D)
  7 dream sheep (D)
  4 slime creatures (D)
  2 snapping turtles (D)
  A spriggan (D)
  A shadow (D)
  A yak (D)
  3 water elementals (D)
  A hungry ghost (D)
  A basilisk (D)
  4 small abominations (D)
  A chaos spawn (D)
  An acid dragon (D)
  2 water moccasins (D)
  2 orc warriors (D)
  An eye of draining (D)
  An ice beast (D)
  A centaur (D)
  A wolf (D)
  A big kobold (D)
  A gnoll sergeant (D)
  An earth elemental (D)
  Blork the orc (D)
  A killer bee (D)
  A crimson imp (D)
  A hound (D)
  A gnoll shaman (D)
  2 mummies (D)
  8 gnolls (D)
  A river rat (D)
  2 white imps (D)
  2 ufetubi (D)
  An ooze (D)
  An adder skeleton (D)
  2 leopard geckos (D)
  2 orcs (D)
  2 bats (D)
  2 bat skeletons (D)
  3 bat zombies (D)
  A giant cockroach (D)
  A hobgoblin (D)
  4 jackals (D)
  7 kobolds (D)
  2 ball pythons (D)
  A ball python zombie (D)
  3 frilled lizards (D)
  A rat (D)
  A crawling corpse (D)
164 creatures vanquished.

Vanquished Creatures (collateral kills)
  An ophan (D)
  A shadow wraith (D)
  A lindwurm (D)
  A manticore (D)
  2 komodo dragons (D)
  A hippogriff (D)
  4 yaks (D)
  3 killer bees (D)
  A quasit (D)
  A hell rat (D)
16 creatures vanquished.

Vanquished Creatures (others)
  An orc sorcerer (D)
1 creature vanquished.

Grand Total: 181 creatures vanquished

Notes
Turn   | Place    | Note
-------+----------+-------------------------------------------
     0 | D        | Ghella the Deep Dwarf Berserker began the quest for the
                  | Orb.
     0 | D        | Reached XP level 1. HP: 20/20 MP: 1/1
    28 | D        | Reached skill level 4 in Axes
    28 | D        | Reached XP level 2. HP: 30/30 MP: 2/2
   183 | D        | Found a bloodstained altar of Trog.
   183 | D        | Found a deep blue altar of Sif Muna.
   183 | D        | Found a viscous altar of Jiyva.
   183 | D        | Found a hazy altar of Hepliaklqana.
   183 | D        | Found an opulent altar of Gozag.
   184 | D        | Found a glowing golden altar of the Shining One.
   184 | D        | Found a glowing silver altar of Zin.
   184 | D        | Found a basalt altar of Yredelemnul.
   184 | D        | Found a shimmering altar of Xom.
   184 | D        | Found an ornate altar of the Wu Jian Council.
   184 | D        | Found a sacrificial altar of Ru.
   184 | D        | Found a stormy altar of Qazlal.
   184 | D        | Found an iron altar of Okawaru.
   184 | D        | Found a sparkling altar of Nemelex Xobeh.
   184 | D        | Found a burning altar of Makhleb.
   184 | D        | Found a blossoming altar of Fedhas.
   184 | D        | Found a white marble altar of Elyvilon.
   184 | D        | Found a shadowy altar of Dithmenos.
   184 | D        | Found a snail-covered altar of Cheibriados.
   185 | D        | Found a radiant altar of Vehumet.
   185 | D        | Found a corrupted altar of Lugonu.
   185 | D        | Found a roughly hewn altar of Beogh.
   186 | D        | Found a hide-covered altar of Uskayaw.
   186 | D        | Found an ancient bone altar of Kikubaaqudgha.
   186 | D        | Found a shattered altar of Ashenzari.
   232 | D        | Reached ** piety under Trog
   422 | D        | Reached *** piety under Trog
   422 | D        | Reached XP level 3. HP: 34/38 MP: 3/3
   424 | D        | Reached skill level 5 in Fighting
   425 | D        | Reached skill level 5 in Axes
   429 | D        | Reached **** piety under Trog
   799 | D        | Noticed a hungry ghost
   799 | D        | Noticed an ice beast
   800 | D        | Noticed a gnoll sergeant
   825 | D        | Killed a hungry ghost
   825 | D        | Reached skill level 7 in Axes
   825 | D        | Reached XP level 4. HP: 51/51 MP: 4/4
   825 | D        | Reached XP level 5. HP: 57/57 MP: 5/5
   837 | D        | Paralysed by fainting for 9 turns
   865 | D        | Killed an ice beast
   865 | D        | Reached ***** piety under Trog
   865 | D        | Reached skill level 8 in Axes
   865 | D        | Reached skill level 5 in Armour
   865 | D        | Reached XP level 6. HP: 53/68 MP: 5/5
   884 | D        | Received a gift from Trog
   888 | D        | Reached skill level 9 in Axes
  1049 | D        | Reached skill level 5 in Dodging
  1079 | D        | Noticed a yak
  1092 | D        | Killed a yak
  1092 | D        | Reached skill level 10 in Axes
  1092 | D        | Reached XP level 7. HP: 36/76 MP: 5/5
  1173 | D        | Noticed Blork the orc
  1202 | D        | Killed Blork the orc
  1208 | D        | Noticed a demonic crawler
  1216 | D        | Reached ****** piety under Trog
  1216 | D        | Reached skill level 10 in Fighting
  1216 | D        | Reached skill level 11 in Axes
  1218 | D        | Received a gift from Trog
  1240 | D        | Killed a demonic crawler
  1501 | D        | Reached XP level 8. HP: 88/88 MP: 5/5
  1584 | D        | Noticed a hippogriff
  1584 | D        | Noticed a lindwurm
  1584 | D        | Noticed a manticore
  1586 | D        | Received a gift from Trog
  1588 | D        | Reached skill level 12 in Axes
  1589 | D        | Killed a manticore
  1590 | D        | Killed a hippogriff
  1594 | D        | Killed a lindwurm
  1594 | D        | Reached skill level 13 in Axes
  1613 | D        | Noticed a komodo dragon
  1616 | D        | Gained mutation: You passively map the area around you.
                  | [Deep Dwarf growth]
  1616 | D        | Reached XP level 9. HP: 65/98 MP: 6/6
  1617 | D        | Killed a komodo dragon
  1629 | D        | Noticed a tyrant leech
  1630 | D        | Received a gift from Trog
  1630 | D        | Reached skill level 14 in Axes
  1635 | D        | Reached skill level 10 in Armour
  1645 | D        | Received a gift from Trog
  1660 | D        | Killed a tyrant leech
  1660 | D        | Reached skill level 15 in Axes
  1670 | D        | Reached XP level 10. HP: 61/110 MP: 7/7
  1874 | D        | Received a gift from Trog
  2023 | D        | Noticed Erolcha
  2026 | D        | Killed Erolcha
  2042 | D        | Killed a shadow wraith
  2042 | D        | Reached skill level 16 in Axes
  2125 | D        | Noticed a spiny frog
  2125 | D        | Noticed a molten gargoyle
  2141 | D        | Received a gift from Trog
  2144 | D        | Killed a spiny frog
  2168 | D        | Noticed a molten gargoyle
  2362 | D        | Received a gift from Trog
  2364 | D        | Reached skill level 15 in Fighting
  2450 | D        | Killed a molten gargoyle
  2450 | D        | Reached skill level 17 in Axes
  2450 | D        | Reached XP level 11. HP: 60/122 MP: 7/7
  2597 | D        | Got the ring "Bibuntum" {*Corrode rC++ Str+6 Int+2}
  2661 | D        | Noticed a sea snake
  2672 | D        | Killed a sea snake
  2672 | D        | Received a gift from Trog
  3037 | D        | Received a gift from Trog
  3037 | D        | Reached skill level 18 in Axes
  3049 | D        | Noticed a centaur warrior
  3057 | D        | Killed a centaur warrior
  3067 | D        | Noticed a merfolk aquamancer
  3074 | D        | Killed a merfolk aquamancer
  3078 | D        | Received a gift from Trog
  3078 | D        | Reached skill level 19 in Axes
  3085 | D        | Got a slimy executioner's axe {god gift}
  3086 | D        | Identified the +7 executioner's axe "Roegu" {vamp, +Rage}
                  | (Trog gifted it to you in the Dungeon)
  3137 | D        | HP: 4/123 [hornet (6)]
  3224 | D        | Received a gift from Trog
  3296 | D        | Noticed a Hell Sentinel
  3317 | D        | HP: 2/186 [Hell Sentinel/damnation (23)]
  3319 | D        | Killed a Hell Sentinel
  3319 | D        | Reached skill level 20 in Axes
  3463 | D        | Noticed a deep elf mage
  3463 | D        | Noticed a merfolk javelineer
  3474 | D        | Killed a merfolk javelineer
  3481 | D        | Reached skill level 21 in Axes
  3481 | D        | Reached XP level 12. HP: 82/133 MP: 3/3
  3484 | D        | Received a gift from Trog
  3498 | D        | Noticed a storm dragon
  3500 | D        | Killed a storm dragon
  3500 | D        | Reached skill level 22 in Axes
  3513 | D        | Received a gift from Trog
  3513 | D        | Noticed a yaktaur captain
  3517 | D        | Noticed a deep elf high priest
  3518 | D        | Killed a yaktaur captain
  3529 | D        | Received a gift from Trog
  3534 | D        | Reached skill level 23 in Axes
  3543 | D        | Killed a deep elf high priest
  3543 | D        | Received a gift from Trog
  3545 | D        | Noticed an emperor scorpion
  3562 | D        | Killed an emperor scorpion
  3562 | D        | Reached skill level 24 in Axes
  3566 | D        | Received a gift from Trog
  3566 | D        | Reached XP level 13. HP: 95/144 MP: 4/4
  3584 | D        | Got the amulet of Nutyijosm {Spirit rElec Str-4 Dex+4}
  3699 | D        | Noticed a fire giant
  3705 | D        | Received a gift from Trog
  3711 | D        | Killed a fire giant
  3715 | D        | Reached skill level 25 in Axes
  3717 | D        | Received a gift from Trog
  3735 | D        | Got the +12 chain mail of the Maze {rPois Int+3 Slay+3}
  3775 | D        | Noticed a vampire knight
  3776 | D        | Noticed an ophan
  3776 | D        | Noticed a mummy priest
  3779 | D        | Killed a vampire knight
  3780 | D        | Noticed a black draconian
  3780 | D        | Noticed a green draconian annihilator
  3780 | D        | Noticed a fire giant
  3780 | D        | Noticed an acid blob
  3780 | D        | Noticed a tentacled monstrosity
  3780 | D        | Noticed a green death
  3783 | D        | Noticed an orc warlord
  3876 | D        | Killed an ophan
  3945 | D        | Killed a black draconian
  3945 | D        | Received a gift from Trog
  3961 | D        | Killed a green draconian annihilator
  4026 | D        | Killed a fire giant
  4026 | D        | Received a gift from Trog
  4026 | D        | Reached skill level 26 in Axes
  4041 | D        | Killed an orc warlord
  4043 | D        | Killed an acid blob
  4050 | D        | Noticed an azure jelly
  4053 | D        | Killed an azure jelly
  4059 | D        | Reached skill level 27 in Axes
  4097 | D        | Killed a green death
  4097 | D        | Received a gift from Trog
  4109 | D        | Killed a tentacled monstrosity
  4109 | D        | Reached skill level 15 in Armour
  4144 | D        | Noticed a deep elf demonologist
  4149 | D        | Killed a deep elf demonologist
  4149 | D        | Reached skill level 10 in Dodging
  4149 | D        | Gained mutation: You resist negative energy. (rN+) [Deep
                  | Dwarf growth]
  4149 | D        | Reached XP level 14. HP: 133/157 MP: 5/5
  4177 | D        | Received a gift from Trog
  4189 | D        | Noticed a deep elf master archer
  4190 | D        | Noticed a greater mummy
  4191 | D        | Noticed a deep elf blademaster
  4218 | D        | Killed a deep elf blademaster
  4224 | D        | Noticed a tentacled monstrosity
  4235 | D        | Killed a greater mummy
  4243 | D        | Noticed Nikola
  4244 | D        | Killed a tentacled monstrosity
  4247 | D        | HP: 2/162 [Nikola/chain lightning (15)]
  4247 | D        | Shot with an arrow by a deep elf master archer

Skill      XL: |  1  2  3  4  5  6  7  8  9 10 11 12 13 14 |
---------------+-------------------------------------------+-----
Fighting       | 4 7 8 9 10 11 13 15 16 17 18 20 | 20.2
Axes           | 4 7 8 10 11 13 15 17 21 24 27 | 27.0
Armour         | 4 5 6 8 9 10 12 13 15 16 | 16.9
Dodging        | 4 5 6 7 8 9 10 | 10.7

Action                   |  1- 3 |  4- 6 |  7- 9 | 10-12 | 13-15 || total
-------------------------+-------+-------+-------+-------+-------++-------
Melee: Hand axe          |    44 |    77 |    65 |       |       ||   186
       War axe           |       |       |    41 |     3 |       ||    44
       Battleaxe         |       |       |       |   120 |       ||   120
       Executioner's axe |       |       |       |   126 |   136 ||   262
Invok: Berserk           |     4 |       |     2 |     1 |     1 ||     8
       Brothers in Arms  |       |       |     1 |     3 |     2 ||     6
 Abil: Heal Wounds       |     1 |     3 |     4 |    17 |     2 ||    27
  Use: Potion            |       |     1 |     1 |    11 |     5 ||    18
       Scroll            |       |       |       |     3 |     1 ||     4
  Eat: Chunk             |     2 |       |     3 |     4 |     1 ||    10
       Ration            |       |     1 |       |     3 |     1 ||     5
Armor: Animal skin       |     2 |       |       |       |       ||     2
       Chain mail        |    17 |    46 |    63 |   126 |    71 ||   323
Dodge: Dodged            |    34 |    36 |    60 |   239 |    76 ||   445
